 Dungeon Crawl Stone Soup version 0.21.0 (webtiles) character file.

182021 edsrzf the Fencer (level 17, -2/150 HPs)
             Began as a Demigod Assassin on Jan 8, 2018.
             Slain by a fire dragon (8 damage)
             ... on level 3 of the Elven Halls.
             The game lasted 02:52:52 (35018 turns).

edsrzf the Fencer (Demigod Assassin)               Turns: 35018, Time: 02:52:54

Health: -2/150     AC: 29    Str: 26    XL:     17   Next: 12%
Magic:  35/35      EV: 16    Int: 13    God:
Gold:   3083       SH:  0    Dex: 19    Spells: 26/34 levels left

rFire    + . .     SeeInvis .   b - +5 demon blade (flame)
rCold    . . .     Gourm    .   (no shield)
rNeg     . . .     Faith    .   M - +4 plate armour {rF+}
rPois    .         Spirit   .   (no helmet)
rElec    .         Reflect  .   k - +1 cloak of Vexation {Regen+ rCorr Str+6 Int-4}
rCorr    +         Harm     .   (no gloves)
MR       +....                  O - +2 pair of boots
Stlth    ..........             t - amulet of rage
HPRegen  0.75/turn              o - +4 ring of evasion
MPRegen  0.24/turn              N - +5 ring of protection

@: barbed spikes
A: yellow scales 1, agile 1, blink, blurry vision 1, dopey 1, high mp 1
a: Blink, Evoke Berserk Rage


You were on level 3 of the Elven Halls.
You were not hungry.

You visited 4 branches of the dungeon, and saw 26 of its levels.
You visited the Abyss 1 time.
You also visited: Sewer, Ice Cave, Volcano and Wizlab.

You collected 3573 gold pieces.
You spent 490 gold pieces at shops.

Inventory:

Hand Weapons
 a - a +3 dagger of venom
 b - a +5 demon blade of flaming (weapon)
 w - a +0 blowgun
Missiles
 e - 5 curare-tipped needles {=f}
 m - 8 needles of sleeping
 u - 34 tomahawks
 z - 5 javelins
 B - 3 steel javelins (quivered)
 I - 68 poisoned needles
Armour
 k - the +1 cloak of Vexation (worn) {Regen+ rCorr Str+6 Int-4}
   (You found it on level 12 of the Dungeon)

   It affects your strength (+6).
   It affects your intelligence (-4).
   It increases your rate of regeneration.
   It protects you from acid and corrosion.
 D - the +1 cloak of Starlight {rElec rC+ EV+4 Stlth--}
   (You found it in a wizard's laboratory)

   It affects your evasion (+4).
   It protects you from cold.
   It insulates you from electricity.
   It makes you much less stealthy.
 E - a +2 cloak of poison resistance
 J - a +0 cloak of magic resistance
 M - a +4 plate armour of fire resistance (worn)
 O - a +2 pair of boots (worn)
Jewellery
 d - an uncursed ring of protection from fire
 j - the amulet of the Air {Inacc +Fly rElec EV+5 RMsl}
   (You found it in an ice cave)

   [amulet of inaccuracy]

   It reduces the accuracy of all your attacks.
   It affects your evasion (+5).
   It insulates you from electricity.
   It lets you fly.
   It protects you from missiles.
 o - a +4 ring of evasion (left hand)
 t - an amulet of rage (around neck)
 G - an uncursed ring of resist corrosion
 K - the amulet of the Four Winds {rN+ MR+++ Clar}
   (You found it on level 7 of the Dungeon)

   [amulet of nothing]

   It protects you from negative energy.
   It affects your resistance to hostile enchantments.
   It protects you against confusion.
 N - a +5 ring of protection (right hand)
 S - an uncursed ring of protection from cold
 X - an uncursed ring of fire
Wands
 n - a wand of acid (26)
 p - a wand of clouds (3)
 v - a wand of digging (49)
 C - a wand of disintegration (6)
 F - a wand of paralysis (25)
 T - a wand of scattershot (7)
 U - a wand of iceblast (25)
Scrolls
 h - 4 scrolls of identify {@r1}
 i - 2 scrolls of fear
 r - 10 scrolls of teleportation {@r3}
 x - a scroll of enchant armour
 y - 2 scrolls of blinking
 R - 3 scrolls of remove curse {@r2}
 W - 3 scrolls of fog
Potions
 c - 4 potions of might
 l - 4 potions of haste
 q - 4 potions of flight
 A - 2 potions of resistance
 P - 2 potions of magic
 Q - 5 potions of agility
 V - 3 potions of curing
 Z - 4 potions of brilliance
Books
 f - Golubria's Compendium of the Voyage
   (You found it in a wizard's laboratory)

   Spells                             Type                      Level
   a - Apportation                    Translocation                1
   b - Shroud of Golubria             Charms/Translocation         2
   c - Recall                         Summoning/Translocation      3
   d - Gell's Gravitas                Translocation                3
   e - Lesser Beckoning               Translocation                3
   f - Force Lance                    Conjuration/Translocation    4
   g - Passage of Golubria            Translocation                4
 s - a book of Spatial Translocations
Comestibles
 g - 32 rations


   Skills:
 - Level 13.2 Fighting
 - Level 7.1(12.1) Short Blades
 - Level 15.0(15.5) Long Blades
 - Level 10.0 Throwing
 - Level 5.9 Armour
 - Level 7.7 Dodging
 - Level 3.6 Stealth
 + Level 9.1 Spellcasting
 + Level 9.9 Transmutations
 + Level 9.9 Earth Magic


You had 26 spell levels left.
You knew the following spells:

 Your Spells              Type           Power        Failure   Level  Hunger
a - Passwall              Tmut/Erth      ####......   3%          2    None
b - Petrify               Tmut/Erth      ####....     24%         4    ####...
w - Swiftness             Chrm/Air       #.......     92%         2    None


Dungeon Overview and Level Annotations

Branches:
Dungeon (15/15)            Temple (0/1) D:5            Lair (6/6) D:10
 Shoals (0/4) Lair:2        Snake (0/4) Lair:4        Slime (0/5) Lair:5
    Orc (2/2) D:12            Elf (3/3) Orc:2        Vaults (0/5) D:14
 Depths (0/5) D:15

Shops:
D:13 [   D:15 =   Orc:1 :   Orc:2 ((%}   Elf:1 ?:((   Elf:2 [[(

Annotations:
D:9 Caerwyn's ghost, journeyman GnWn
D:14 exclusion: Roxanne, Roxanne
Elf:3 1 exclusion


Innate Abilities, Weirdness & Mutations

You have an increased reservoir of magic. (+10% MP)
You are partially covered in yellow scales. (AC +2)
You are agile. (Dex +2)
You can translocate small distances at will.
Scrolls take you a little longer to read.
You are dopey. (Int -2)


Message History

The barbed spikes become lodged in your body.
* * * LOW HITPOINT WARNING * * *
A manticore comes into view.
Your plate armour prevents you from hitting the manticore.
The manticore closely misses you.
You riposte.
You slash the manticore! You burn the manticore!
The manticore is heavily wounded.
The manticore barely misses you. x2
You hit the manticore. You burn the manticore.
The manticore is heavily wounded.
You slice the manticore!! You burn the manticore!
You kill the manticore!
You barely miss the manticore. You slice the manticore!!
You burn the manticore!
The manticore is heavily wounded.
You hear an angry hiss.
The manticore bites you but does no damage.
The manticore claws you but does no damage. x2
You completely miss the manticore.
The manticore is heavily wounded.
The manticore misses you.
You riposte.
You slice the manticore!! You burn the manticore!
You kill the manticore!
You start resting.
A fire dragon comes into view.
Unknown command.
Cast which spell? (? or * to list)
Okay, then.
Unknown command.
Cast which spell? (? or * to list) Which direction?
You begin to meditate on the wall.
You continue meditating on the rock.
The fire dragon bites you but does no damage.
The fire dragon claws you. The fire dragon barely misses you.
You continue meditating on the rock.
The fire dragon breathes flames at you. The blast of flame hits you!
You resist.
* * * LOW HITPOINT WARNING * * *
You hear a deafening roar!
You hear a roar!
You finish merging with the rock.
A five-headed hydra comes into view.
Okay, then.
Unknown command.
Okay, then.
Okay, then.
Really read with blurry vision while enemies are nearby?
The fire dragon roars deafeningly!
You begin reading the scroll.
You continue reading the scroll.
The fire dragon misses you.
The fire dragon claws you but does no damage.
The fire dragon tramples you but does no damage.
As you read the scroll of fear, it crumbles to dust.
You assume a fearsome visage.
The fire dragon looks frightened!
The five-headed hydra looks frightened!
You catch the helpless fire dragon completely off-guard!
You hit the fire dragon.
Your attack snaps the fire dragon out of its fear.
The fire dragon is lightly wounded.
The fire dragon barely misses you.
You riposte.
You slash the fire dragon!
The fire dragon is lightly wounded.
The fire dragon claws you but does no damage.
The fire dragon closely misses you.
You hit the fire dragon.
The fire dragon is lightly wounded.
The fire dragon bites you!
* * * LOW HITPOINT WARNING * * *
The fire dragon barely misses you. x2
Okay, then.
Okay, then.
Wear which item? (? for menu, Esc to quit)
Okay, then.
Put on which piece of jewellery? (? for menu, Esc to quit)
You remove the amulet of the Four Winds {rN+ MR+++ Clar}.
t - an amulet of rage (around neck)
The fire dragon barely misses you.
The fire dragon claws you but does no damage.
The fire dragon tramples you but does no damage.
You fail to use your ability.
The fire dragon breathes flames at you. The blast of flame hits you!
You resist.
* * * LOW HITPOINT WARNING * * *
Okay, then.
Okay, then.
Really read with blurry vision while enemies are nearby? [Y]es or [N]o only, please.
Really read with blurry vision while enemies are nearby?
Okay, then.
Unknown command.
Really read with blurry vision while enemies are nearby?
Okay, then.
Okay, then.
Unknown command.
Really read with blurry vision while enemies are nearby?
Magic restored.
The fire dragon bites you.
* * * LOW HITPOINT WARNING * * *
The fire dragon misses you.
The fire dragon tramples you but does no damage.
You begin reading the scroll.
You continue reading the scroll.
The fire dragon bites you!
You die...

*,*,,,,*,,,*
##...'
*,*,,,,*,,,*
##.....
*,*******###
#...... *,* #.#
#...... *,* #.#
#......
*.########.#
##'.....
*........[l#
##.##...#
*#####l###D#
##.#######
#.$.D@#.# ##.##
#....D#'####.##
#D....#†..#.##
#.....#...'##
#.....#....#
#######%...#
#....)..#
##.....##
#.....#


You could see 2 fire dragons, a five-headed hydra (fleeing) and a basilisk.

Vanquished Creatures
  Rupert (Lair:4)
  2 tentacled starspawn (WizLab)
  3 sphinxes (Elf:3)
  An eldritch tentacle (WizLab)
  A fire giant (Elf:1)
  2 orc warlords
  2 cacodemons (Abyss:2)
  A lorocyproca (WizLab)
  A deep elf demonologist (Elf:1)
  2 deep elf annihilators
  A dire elephant (D:15)
  An ettin (Orc:1)
  Josephine (D:15)
  2 fire dragons
  2 ice dragons (IceCv)
  3 rakshasas
  10 hydras
  8 vault guards (D:14)
  2 catoblepae
  3 centaur warriors
  Erica (Orc:1)
  16 dancing weapons
  8 two-headed ogres
  2 tengu warriors (D:15)
  4 orc high priests
  3 thrashing horrors (WizLab)
  15 deep elf knights
  A hell knight (Volcano)
  3 skeletal warriors (D:15)
  2 sixfirhies (Abyss:2)
  A swamp dragon (Lair:6)
  A glowing orange brain (WizLab)
  An obsidian statue (WizLab)
  3 lindwurms (Lair:6)
  2 wizards
  2 orc knights
  Pikel (D:6)
  9 deep elf archers
  10 ugly things
  A wolf spider zombie (D:14)
  2 orc sorcerers (Orc:2)
  37 deep elf magi
  7 cyclopes
  4 starcursed masses (Abyss:2)
  A salamander (D:15)
  A worldbinder (WizLab)
  A wolf spider (D:15)
  8 manticores
  Maurice (Orc:1)
  6 black mambas
  19 elephants
  2 torpor snails (Lair:6)
  2 orange demons
  Psyche (D:12)
  2 ice statues (IceCv)
  2 large abominations
  2 gargoyles
  A smoke demon (WizLab)
  17 spiny frogs
  7 komodo dragons
  12 rime drakes
  2 efreet (WizLab)
  A freezing wraith (WizLab)
  2 ancient zymes
  3 red devils
  A demonic crawler (WizLab)
  3 ice devils
  2 tengu conjurers (D:15)
  8 trolls
  A polar bear (Lair:5)
  A hornet (D:14)
  12 slime creatures
  A snapping turtle (shapeshifter) (Elf:1)
  19 blink frogs
  11 hippogriffs
  An alligator zombie (Abyss:2)
  4 air elementals
  A vampire (D:14)
  A water elemental (D:12)
  A shadow (D:13)
  A yak (shapeshifter) (D:13)
  6 wraiths
  15 yaks
  8 spriggans (D:10)
  2 ynoxinuls (Abyss:2)
  8 basilisks
  12 fire bats
  3 fire elementals
  2 wyverns
  2 neqoxecs (Abyss:2)
  4 vampire mosquitoes (D:15)
  3 hungry ghosts
  A steam dragon (Lair:6)
  An insubstantial wisp (Abyss:2)
  4 spatial vortices (WizLab)
  2 wargs
  3 nagas (Lair:4)
  Menkaure (D:6)
  5 acid dragons
  14 water moccasins
  An ogre skeleton (WizLab)
  8 porcupines
  7 hell hounds
  36 orc warriors
  Duvessa (D:7)
  3 phantoms
  5 sky beasts
  16 ice beasts
  2 black bears (D:7)
  A hornet zombie (D:14)
  An eye of draining (D:13)
  7 ogres
  5 wolves (Lair:1)
  5 centaurs
  13 crocodiles
  A big kobold (Sewer)
  17 bullfrogs
  A gnoll sergeant (D:5)
  2 wyvern zombies
  2 small abominations
  Dowan (D:7)
  4 scorpions
  3 killer bees (D:12)
  10 wights
  5 howler monkeys
  6 lava snakes (Volcano)
  A crimson imp (D:13)
  A bullfrog zombie (D:7)
  9 centaur zombies
  7 hounds
  3 centaur skeletons
  37 orc priests
  6 jellies
  2 bullfrog skeletons
  An iron imp (Abyss:2)
  10 iguanas
  40 orc wizards
  5 hell rats
  7 worker ants
  A hound zombie (D:7)
  A worker ant zombie (D:11)
  4 gnolls (D:5)
  2 river rats
  22 adders
  A howler monkey skeleton (D:8)
  2 shadow imps
  An ufetubus (Abyss:2)
  8 oozes
  An adder skeleton (D:6)
  An adder zombie (D:5)
  3 worms
  3 dart slugs
  5 leopard geckos
  100 orcs
  4 bats
  3 giant cockroaches
  3 goblins
  7 hobgoblins
  14 jackals
  A quokka (D:8)
  2 ball pythons
  5 frilled lizards
  A jackal skeleton (D:3)
  17 kobolds
  A leopard gecko skeleton (D:5)
  A quokka zombie (D:10)
  9 rats
  A lurking horror (WizLab)
  A starspawn tentacle (WizLab)
959 creatures vanquished.

Vanquished Creatures (others)
  Asterion (Elf:2)
  A deep elf death mage (Elf:1)
  3 deep elf magi (Elf:1)
  A blink frog (WizLab)
  A spatial vortex (WizLab)
  An ogre (D:6)
  An orc priest (D:6)
  13 fungi
  2 lurking horrors
  18 plants
  4 starspawn tentacles (WizLab)
  5 toadstools (D:2)
51 creatures vanquished.

Grand Total: 1010 creatures vanquished

Notes
Turn   | Place    | Note
-------+----------+-------------------------------------------
     0 | D:1      | edsrzf the Demigod Assassin began the quest for the Orb.
     0 | D:1      | Reached XP level 1. HP: 17/17 MP: 3/3
    87 | D:1      | Reached skill level 2 in Throwing
   191 | D:1      | Reached skill level 2 in Fighting
   191 | D:1      | Reached skill level 2 in Short Blades
   315 | D:1      | Reached XP level 2. HP: 12/24 MP: 4/4
  1167 | D:3      | Reached XP level 3. HP: 14/30 MP: 5/5
  1786 | D:2      | Identified 3 scrolls of immolation
  1787 | D:2      | Identified 2 scrolls of remove curse
  1788 | D:2      | Identified 3 scrolls of teleportation
  2157 | D:3      | Found a blossoming altar of Fedhas.
  2229 | D:3      | Reached XP level 4. HP: 22/37 MP: 6/6
  2238 | D:3      | Identified 3 potions of haste
  2255 | D:3      | Identified 2 potions of curing
  2702 | D:3      | Reached skill level 3 in Short Blades
  3127 | D:3      | Reached skill level 3 in Throwing
  3128 | D:3      | Reached skill level 3 in Fighting
  3458 | D:2      | Reached XP level 5. HP: 45/45 MP: 7/7
  3584 | D:4      | Found a faded altar of an unknown god.
  3584 | D:4      | Found a sacrificial altar of Ru.
  3589 | D:4      | Found a stormy altar of Qazlal.
  3591 | D:4      | Found a shimmering altar of Xom.
  3593 | D:4      | Found a basalt altar of Yredelemnul.
  4090 | D:4      | Reached XP level 6. HP: 48/52 MP: 8/8
  4232 | D:4      | Reached skill level 4 in Fighting
  4232 | D:4      | Reached skill level 4 in Short Blades
  4232 | D:4      | Reached skill level 4 in Throwing
  4428 | D:5      | Entered Level 5 of the Dungeon
  4514 | D:5      | Found a glowing golden altar of the Shining One.
  4608 | D:5      | Found a glowing drain.
  4795 | Sewer    | Entered a sewer
  4919 | Sewer    | Reached XP level 7. HP: 54/60 MP: 9/9
  4954 | Sewer    | Found a glowing silver altar of Zin.
  5040 | D:5      | Noticed a hippogriff
  5092 | D:5      | Killed a hippogriff
  5450 | D:6      | Reached skill level 5 in Short Blades
  5692 | D:6      | Reached skill level 5 in Fighting
  5692 | D:6      | Reached skill level 5 in Throwing
  6016 | D:5      | Found a staircase to the Ecumenical Temple.
  6692 | D:5      | Found a deep blue altar of Sif Muna.
  6939 | D:6      | Noticed Menkaure
  6950 | D:6      | Killed Menkaure
  6950 | D:6      | Reached XP level 8. HP: 66/69 MP: 10/10
  7175 | D:6      | Noticed Pikel
  7210 | D:6      | Killed Pikel
  7210 | D:6      | Reached skill level 6 in Fighting
  7210 | D:6      | Reached skill level 6 in Short Blades
  7210 | D:6      | Reached skill level 6 in Throwing
  7314 | D:6      | Found a burning altar of Makhleb.
  7534 | D:7      | Found the amulet of the Four Winds {rN+ MR+++ Clar}
  7926 | D:7      | Found a bloodstained altar of Trog.
  8489 | D:7      | Identified 7 potions of heal wounds
  8490 | D:7      | Identified 4 potions of flight
  8491 | D:7      | Identified 2 potions of mutation
  8491 | D:7      | Gained mutation: You tend to lose your temper in combat. [potion of mutation]
  8491 | D:7      | Gained mutation: You are agile. (Dex +2) [potion of mutation]
  8491 | D:7      | Gained mutation: You expend magic power (3 MP) to strengthen your wands. [potion of mutation]
  8491 | D:7      | Gained mutation: You are very agile. (Dex +4) [potion of mutation]
  8492 | D:7      | Identified 2 potions of resistance
  8493 | D:7      | Identified a potion of degeneration
  8494 | D:7      | Identified a potion of berserk rage
  8499 | D:7      | Reached XP level 9. HP: 78/78 MP: 11/11
  8564 | D:7      | Noticed Duvessa
  8565 | D:7      | Noticed Dowan
  8584 | D:7      | Killed Duvessa
  8608 | D:7      | Killed Dowan
  8608 | D:7      | Reached skill level 7 in Short Blades
  8608 | D:7      | Reached skill level 7 in Throwing
  8715 | D:7      | Reached skill level 7 in Fighting
  8746 | D:7      | Identified 6 scrolls of identify
  8746 | D:7      | Identified a potion of invisibility
  8747 | D:7      | Identified a potion of cancellation
  8999 | D:8      | Reached skill level 1 in Long Blades
  9051 | D:8      | HP: 1/79 [orc warrior/dire flail (17)]
  9349 | D:8      | Noticed a two-headed ogre
  9744 | D:8      | Reached skill level 2 in Long Blades
 10066 | D:8      | Killed a two-headed ogre
 10066 | D:8      | Reached skill level 3 in Long Blades
 10236 | D:8      | Reached skill level 4 in Long Blades
 10984 | D:9      | Noticed Caerwyn's ghost (journeyman GnWn)
 11109 | D:9      | Identified a potion of experience
 11110 | D:9      | Identified a potion of might
 11111 | D:9      | Identified a potion of magic
 11112 | D:9      | Reached skill level 9 in Fighting
 11112 | D:9      | Reached skill level 7 in Long Blades
 11112 | D:9      | Reached skill level 4 in Dodging
 11112 | D:9      | Reached XP level 10. HP: 87/91 MP: 13/13
 11243 | D:8      | Identified a potion of agility
 11651 | D:10     | Entered Level 10 of the Dungeon
 11811 | D:9      | Reached XP level 11. HP: 97/97 MP: 14/14
 11887 | D:10     | Reached skill level 8 in Throwing
 11902 | D:10     | Found a shattered altar of Ashenzari.
 11941 | D:10     | Reached skill level 8 in Long Blades
 11993 | D:10     | Found a staircase to the Lair.
 12236 | D:10     | Noticed a two-headed ogre
 12242 | D:10     | Killed a two-headed ogre
 12495 | D:10     | Lost mutation: You are very agile. (Dex +4) [potion of mutation]
 12495 | D:10     | Lost mutation: You expend magic power (3 MP) to strengthen your wands. [potion of mutation]
 12495 | D:10     | Lost mutation: You tend to lose your temper in combat. [potion of mutation]
 12495 | D:10     | Gained mutation: You are partially covered in yellow scales. (AC +2) [potion of mutation]
 12495 | D:10     | Gained mutation: You can translocate small distances at will. [potion of mutation]
 12593 | D:10     | Reached skill level 9 in Long Blades
 13091 | Lair:1   | Entered Level 1 of the Lair of Beasts
 13112 | Lair:1   | Identified 2 scrolls of brand weapon
 13113 | Lair:1   | Identified 4 scrolls of enchant weapon
 13114 | Lair:1   | Identified 3 scrolls of fear
 13115 | Lair:1   | Identified 2 scrolls of amnesia
 13116 | Lair:1   | Identified a scroll of noise
 13321 | Lair:1   | Reached skill level 9 in Throwing
 13329 | Lair:1   | Reached skill level 10 in Fighting
 13420 | Lair:1   | Found a dark tunnel.
 13447 | Volcano  | Entered a volcano
 13658 | Volcano  | Reached skill level 10 in Long Blades
 13692 | Volcano  | Noticed a hell knight
 13963 | Volcano  | Killed a hell knight
 13963 | Volcano  | Reached XP level 12. HP: 48/106 MP: 15/15
 14454 | Volcano  | Found a radiant altar of Vehumet.
 14478 | Volcano  | Found a burning altar of Makhleb.
 15369 | Lair:2   | Reached skill level 11 in Long Blades
 15618 | Lair:2   | Got a bloodstained ring mail
 15629 | Lair:2   | Identified the +1 ring mail of Fiups {rCorr} (You found it on level 2 of the Lair of Beasts)
 15634 | Lair:2   | Found a staircase to the Shoals.
 16131 | Lair:3   | Reached skill level 10 in Throwing
 16139 | Lair:3   | Noticed a four-headed hydra
 16160 | Lair:3   | Killed a one-headed hydra
 16551 | Lair:3   | Reached skill level 11 in Fighting
 17280 | Lair:4   | Reached skill level 5 in Dodging
 17315 | Lair:4   | Noticed Rupert
 17334 | Lair:4   | Killed Rupert
 17334 | Lair:4   | Reached skill level 12 in Long Blades
 17749 | Lair:4   | Reached XP level 13. HP: 86/116 MP: 16/16
 17831 | Lair:4   | Found a staircase to the Snake Pit.
 18746 | Lair:5   | Identified 2 potions of lignification
 18747 | Lair:5   | Identified a potion of brilliance
 18869 | Lair:5   | You fall through a shaft!
 18869 | Lair:6   | Entered Level 6 of the Lair of Beasts
 18905 | Lair:6   | Reached skill level 6 in Dodging
 19218 | Lair:5   | Found a staircase to the Slime Pits.
 19668 | Lair:6   | Reached skill level 13 in Long Blades
 20651 | Lair:6   | Reached skill level 7 in Dodging
 20901 | Lair:6   | Reached skill level 12 in Fighting
 21205 | Lair:6   | Reached skill level 1 in Armour
 21309 | Lair:6   | Identified a scroll of summoning
 21310 | Lair:6   | Identified a scroll of enchant armour
 21311 | Lair:6   | Identified 2 scrolls of magic mapping
 21312 | Lair:6   | Identified 2 scrolls of blinking
 21313 | Lair:6   | Identified 2 scrolls of torment
 21322 | Lair:6   | Identified 2 scrolls of fog
 22191 | D:11     | Reached skill level 2 in Armour
 22201 | D:11     | Found a stormy altar of Qazlal.
 22844 | D:12     | Got a bloodstained dagger
 22845 | D:12     | Identified the +3 dagger of the Unliving {pierce, Int+3 Stlth+} (You found it on level 12 of the Dungeon)
 22870 | D:12     | Reached XP level 14. HP: 117/126 MP: 17/17
 23126 | D:13     | Reached skill level 14 in Long Blades
 23214 | D:13     | Reached skill level 3 in Armour
 23266 | D:13     | Found Xint's Armour Boutique.
 23646 | D:13     | Found an iron altar of Okawaru.
 24001 | D:12     | Got an ichor-stained cloak
 24032 | D:12     | Noticed Psyche
 24048 | D:12     | Killed Psyche
 24347 | D:12     | Reached skill level 4 in Armour
 24759 | D:12     | Found a staircase to the Orcish Mines.
 24786 | Orc:1    | Entered Level 1 of the Orcish Mines
 24799 | Orc:1    | Found a roughly hewn altar of Beogh.
 24832 | Orc:1    | Noticed Erica
 24842 | Orc:1    | Killed Erica
 24861 | Orc:1    | Found a frozen archway.
 24884 | IceCv    | Entered an ice cave
 25230 | IceCv    | Identified the +1 cloak of Vexation {Regen+ rCorr Str+6 Int-4} (You found it on level 12 of the Dungeon)
 25258 | IceCv    | Found the amulet of the Air {Inacc +Fly rElec EV+5 RMsl}
 25560 | Orc:1    | Noticed Maurice
 25580 | Orc:1    | Killed Maurice
 25591 | Orc:1    | Found Keow's Book Boutique.
 25736 | Orc:2    | Entered Level 2 of the Orcish Mines
 25736 | Orc:2    | Found a staircase to the Elven Halls.
 25736 | Orc:2    | Noticed an orc warlord
 26095 | Orc:2    | Reached skill level 5 in Armour
 26160 | Orc:1    | Killed an orc warlord
 26160 | Orc:1    | Reached skill level 15 in Long Blades
 26268 | Orc:2    | Noticed an orc warlord
 26283 | Orc:1    | Reached skill level 13 in Fighting
 26825 | Orc:2    | Killed an orc warlord
 27105 | Orc:2    | Found Xegruzov's Food Boutique.
 27105 | Orc:2    | Found Lischieq's Antique Weapon Shop.
 27106 | Orc:2    | Found Zoxan's Antique Weapon Shop.
 27109 | Orc:2    | Found Wyuhif's Gadget Boutique.
 27284 | Orc:1    | Bought a book of Geomancy for 490 gold pieces
 27287 | Orc:1    | Learned a level 2 spell: Passwall
 27292 | Orc:1    | Learned a level 4 spell: Petrify
 27400 | D:14     | Found a gate to the Vaults.
 27414 | D:14     | Reached skill level 1 in Transmutations
 27414 | D:14     | Reached skill level 1 in Earth Magic
 27429 | D:14     | Reached skill level 1 in Spellcasting
 27446 | D:14     | Reached XP level 15. HP: 105/136 MP: 20/20
 27459 | D:14     | Reached skill level 2 in Transmutations
 27459 | D:14     | Reached skill level 2 in Earth Magic
 27467 | D:14     | Reached skill level 2 in Spellcasting
 27632 | D:14     | Reached skill level 3 in Transmutations
 27632 | D:14     | Reached skill level 3 in Earth Magic
 27678 | D:14     | Learned a level 2 spell: Swiftness
 27695 | D:14     | Noticed Roxanne
 27763 | D:14     | Reached skill level 3 in Spellcasting
 28224 | D:15     | Entered Level 15 of the Dungeon
 28239 | D:15     | Found a staircase to the Depths.
 28325 | D:15     | Found Otunuky's Jewellery Shoppe.
 28332 | D:15     | Reached skill level 4 in Transmutations
 28332 | D:15     | Reached skill level 4 in Earth Magic
 28456 | D:15     | Noticed Josephine
 28488 | D:15     | Killed Josephine
 28496 | D:15     | Reached skill level 4 in Spellcasting
 28731 | D:15     | Found an ornate altar of the Wu Jian Council.
 28753 | D:15     | Reached skill level 5 in Transmutations
 28753 | D:15     | Reached skill level 5 in Earth Magic
 29028 | D:15     | Found a glowing silver altar of Zin.
 29215 | Elf:1    | Entered Level 1 of the Elven Halls
 29402 | Elf:1    | Reached skill level 5 in Spellcasting
 29530 | Elf:1    | Found Hucij's Weapon Shop.
 29530 | Elf:1    | Found Umpocupp's Book Boutique.
 29531 | Elf:1    | Found Wuatuokh's Magic Scroll Boutique.
 29539 | Elf:1    | Found Pegyhealo's Antique Weapon Shop.
 29546 | Elf:1    | Reached skill level 6 in Earth Magic
 29548 | Elf:1    | Reached skill level 6 in Transmutations
 30044 | Elf:1    | Noticed a Tzitzimitl
 30152 | Elf:1    | Reached skill level 6 in Spellcasting
 30300 | Elf:1    | Reached XP level 16. HP: 144/144 MP: 29/29
 30388 | Elf:1    | HP: 7/144 [fire bat (3)]
 30394 | Elf:1    | Reached skill level 7 in Earth Magic
 30636 | Elf:1    | Reached skill level 7 in Transmutations
 30917 | Elf:2    | Noticed Asterion
 30923 | Elf:2    | Found a sparkling altar of Nemelex Xobeh.
 30932 | Elf:2    | Killed Asterion
 31132 | Elf:2    | Found Voliy's Armour Shop.
 31211 | Elf:2    | Found Pikatz's Antique Weapon Shop.
 31291 | Elf:2    | Found Suj Heamubah's Antique Armour Shop.
 31491 | Elf:2    | Reached skill level 7 in Spellcasting
 31540 | Elf:2    | Found a runed gate.
 31540 | Elf:2    | Found a runed gate.
 31540 | Elf:2    | Found a runed gate.
 31810 | Elf:2    | Reached skill level 8 in Earth Magic
 31823 | Elf:2    | Reached skill level 8 in Transmutations
 32353 | Elf:3    | Entered Level 3 of the Elven Halls
 32401 | Elf:3    | Identified the Incunabulum of Feathers and Orientation
 32428 | Elf:3    | Found the ring of the Octopus King
 32460 | Elf:3    | Identified the ring of Nycaor {*Drain rF+ rN+ Dex+6} (You found it on level 3 of the Elven Halls)
 32478 | Elf:3    | Got a ring of the Octopus King
 32480 | Elf:3    | Identified a ring of the Octopus King {Wiz AC+1 EV+1 Str+1 Int+1 Dex+1} (You found it on level 3 of the Elven Halls)
 32574 | Elf:3    | Found a magical portal.
 32590 | WizLab   | Entered The Roulette of Golubria
 32590 | WizLab   | Found a transporter.
 32593 | WizLab   | Found a corrupted altar of Lugonu.
 32670 | WizLab   | Found the +1 cloak of Starlight {rElec rC+ EV+4 Stlth--}
 32687 | WizLab   | Found a corrupted altar of Lugonu.
 32709 | WizLab   | Found a transporter.
 32854 | WizLab   | Found a transporter.
 32865 | WizLab   | Noticed a tentacled starspawn
 32877 | WizLab   | Killed a tentacled starspawn
 32879 | WizLab   | Found a transporter.
 32910 | WizLab   | Found a transporter.
 32910 | WizLab   | Found a transporter.
 32948 | WizLab   | Found a transporter.
 32948 | WizLab   | Found a transporter.
 33061 | WizLab   | Noticed a tentacled starspawn
 33061 | WizLab   | Found a transporter.
 33061 | WizLab   | Found a transporter.
 33077 | WizLab   | Killed a tentacled starspawn
 33141 | WizLab   | Found a transporter.
 33145 | WizLab   | Reached skill level 8 in Spellcasting
 33170 | WizLab   | Found a transporter.
 33170 | WizLab   | Found a transporter.
 33180 | WizLab   | Cast into level 2 of the Abyss (rakshasa)
 33495 | Abyss:2  | Reached skill level 9 in Earth Magic
 33503 | Abyss:2  | Gained mutation: You are dopey. (Int -2) [a cacodemon]
 33507 | Abyss:2  | Gained mutation: Scrolls take you a little longer to read. [a cacodemon]
 33508 | Abyss:2  | Reached skill level 9 in Transmutations
 33534 | WizLab   | Escaped the Abyss
 33722 | WizLab   | Found a transporter.
 33722 | WizLab   | Found a transporter.
 33763 | WizLab   | Found a transporter.
 33763 | WizLab   | Found a transporter.
 33964 | WizLab   | Found a transporter.
 33966 | WizLab   | Found a transporter.
 33966 | WizLab   | Found a transporter.
 34443 | WizLab   | HP: 5/144 [poisoned by a chaos spawn]
 34591 | WizLab   | Identified Golubria's Compendium of the Voyage
 34617 | WizLab   | Got a slimy cloak
 34620 | WizLab   | Identified the -2 cloak of Gluttony {rF++ rC- Slay+3 SInv} (You found it in a wizard's laboratory)
 34787 | Elf:3    | Noticed a sphinx
 34795 | Elf:3    | Noticed a sphinx
 34822 | Elf:3    | Killed a sphinx
 34831 | Elf:3    | Killed a sphinx
 34850 | Elf:3    | Noticed a sphinx
 34861 | Elf:3    | Killed a sphinx
 34861 | Elf:3    | Reached XP level 17. HP: 73/150 MP: 34/34
 34970 | Elf:3    | Reached skill level 9 in Spellcasting
 35016 | Elf:3    | HP: 6/150 [fire dragon/blast of flame (19)]
 35018 | Elf:3    | Slain by a fire dragon

Skill      XL: |  1  2  3  4  5  6  7  8  9 10 11 12 13 14 15 16 17 |
---------------+----------------------------------------------------+-----
Throwing       | 2 3 4 5 6 7 9 10 | 10.0
Fighting       | 2 3 4 5 6 9 10 11 12 13 | 13.2
Short Blades   | 2 3 4 5 6 7 |  7.1
Long Blades    | 7 10 12 13 15 | 15.0
Dodging        | 4 5 7 |  7.7
Armour         | 2 5 |  5.9
Transmutations | 1 6 9 |  9.9
Earth Magic    | 1 6 9 |  9.9
Spellcasting   | 1 6 8 9 |  9.1
Stealth        | |  3.6

Action                   |  1- 3 |  4- 6 |  7- 9 | 10-12 | 13-15 | 16-18 || total
-------------------------+-------+-------+-------+-------+-------+-------++-------
Melee: Dagger            |   186 |   248 |   216 |    37 |       |       ||   687
       Long sword        |       |       |   179 |   320 |       |       ||   499
       Whip              |       |       |     8 |       |       |       ||     8
       Short sword       |       |       |    10 |       |       |       ||    10
       Demon blade       |       |       |       |   267 |  1794 |   701 ||  2762
 Fire: Blowgun           |     2 |     8 |    45 |     8 |     9 |       ||    72
Throw: Javelin           |       |     4 |     8 |     2 |       |     6 ||    20
       Tomahawk          |       |       |       |     4 |    12 |     5 ||    21
 Cast: Passwall          |       |       |       |       |       |     1 ||     1
 Abil: Blink             |       |       |       |       |       |     1 ||     1
Evoke: Wand              |       |       |     3 |     2 |     2 |     1 ||     8
  Use: Scroll            |     3 |       |     7 |    18 |    18 |     8 ||    54
       Potion            |       |     2 |    14 |    13 |     2 |     6 ||    37
 Stab: Sleeping          |    10 |    12 |     7 |     4 |    11 |       ||    44
       Distracted        |       |       |       |     1 |       |       ||     1
       Petrified         |       |       |       |       |       |    11 ||    11
       Invisible         |       |       |       |       |       |     1 ||     1
       Fleeing           |       |       |       |       |       |     1 ||     1
  Eat: Chunk             |     4 |     5 |    14 |    15 |    39 |     6 ||    83
       Ration            |       |     1 |     4 |     2 |     1 |     3 ||    11
Armor: Robe              |    27 |    27 |    82 |   107 |       |       ||   243
       Ring mail         |       |       |       |    33 |   133 |       ||   166
       Plate armour      |       |       |       |       |   498 |   394 ||   892
Dodge: Dodged            |   120 |   135 |   306 |   350 |  1021 |   364 ||  2296
       Rpst.: Long sword |       |       |    42 |    61 |       |       ||   103
       Demon blade       |       |       |       |    39 |   246 |    98 ||   383
